 Dungeon Crawl Stone Soup version 0.23.0 (webtiles) character file.

Game seed: 13058333080286724073

2657 chequers the Basher (level 9, -4/61 HPs)
             Began as a Demonspawn Gladiator on Feb 9, 2019.
             Was a Believer of Wu Jian.
             Slain by a hornet (11 damage)
             ... on level 8 of the Dungeon.
             The game lasted 00:16:07 (11332 turns).

chequers the Basher (Demonspawn Gladiator)         Turns: 11332, Time: 00:16:07

Health: -4/61      AC: 10    Str: 17      XL:     9   Next: 36%
Magic:  0/9        EV:  7    Int: 10      God:    Wu Jian [**....]
Gold:   273        SH:  0    Dex: 13 (15) Spells: 8/8 levels left

rFire    . . .     SeeInvis .   a - +0 flail
rCold    + . .     Gourm    .   (no shield)
rNeg     . . .     Faith    .   k - +1 chain mail
rPois    .         Spirit   +   e - +0 helmet
rElec    .         Reflect  .   (no cloak)
rCorr    .         Harm     .   (no gloves)
MR       .....                  (no boots)
Stlth    ..........             (no amulet)
HPRegen  0.20/turn              i - ring of protection from cold
MPRegen  0.22/turn              (no ring)

@: lethally poisoned (-4 -> -21), slowed, very slow
A: claws 1, hooves 1, nightstalker 2, magic shield, magic regeneration
a: Wall Jump, Renounce Religion


You were on level 8 of the Dungeon.
You worshipped Wu Jian.
Wu Jian was pleased with you.
You were hungry.

You visited 1 branch of the dungeon, and saw 8 of its levels.

You collected 273 gold pieces.

Inventory:

Hand Weapons
 a - a +0 flail (weapon)
Missiles
 d - 6 throwing nets (quivered)
Armour
 e - a +0 helmet (worn)
 k - a +1 chain mail (worn)
Jewellery
 i - a ring of protection from cold (left claw)
Wands
 b - a wand of disintegration (18)
 h - a wand of paralysis (14)
Scrolls
 c - 2 scrolls of noise {unknown}
 g - 2 scrolls of magic mapping {unknown}
 j - 3 scrolls of fog
 l - 4 scrolls of identify {unknown}
 n - a scroll of brand weapon {unknown}
 o - 3 scrolls of remove curse
 r - a scroll of enchant weapon {unknown}
 s - 2 scrolls of teleportation {unknown}
 t - 3 scrolls of enchant armour
 w - a scroll of blinking
Potions
 m - a potion of haste {unknown}
 p - a potion of curing
 q - a potion of flight
 u - a potion of brilliance
Comestibles
 f - 10 rations


   Skills:
 - Level 2.0 Fighting
 + Level 11.8 Maces & Flails
 - Level 1.7 Throwing
 - Level 2.6 Dodging


You had 8 spell levels left.
You didn't know any spells.
Your spell library contained the following spells:

 Spells                   Type           Power        Failure   Level  Hunger
 Animate Skeleton         Necr           N/A          100%        1    ##.....
 Apportation              Tloc           #.....       100%        1    ##.....
 Confusing Touch          Hex            #.....       100%        1    ##.....
 Summon Small Mammal      Summ           #...         100%        1    ##.....


Dungeon Overview and Level Annotations

Branches:
Dungeon (8/15)             Temple (0/1) D:7
   Lair: D:8-11

Altars:
Elyvilon
Kikubaaqudgha
Qazlal
Ru
Sif Muna
Wu Jian

Annotations:
D:2 1 runed translucent door, Crazy Yiuf


Innate Abilities, Weirdness & Mutations

You have sharp fingernails.
You have large cloven feet.
You are significantly more attuned to the shadows.
When hurt, damage is shared between your health and your magic reserves.
You regenerate magic rapidly.


Message History

Press: ? - help, Shift-Dir - straight line, f/p - hornet
Aim: a hornet (chance to defeat MR: 37%)
The hornet easily resists.
You feel sick.
The hornet stings you but does no damage. x2
The hornet stings you!
* * * LOW HITPOINT WARNING * * *
You are lethally poisoned!
You feel as though you will be slow longer.
Evoke which item? (* to show all) (? for menu, Esc to quit)
Aiming: Paralyse
Press: ? - help, Shift-Dir - straight line, f/p - hornet
Aim: a hornet (chance to defeat MR: 37%)
The hornet easily resists.
* * * LOW HITPOINT WARNING * * *
You feel very sick. The hornet stings you!
* * * LOW HITPOINT WARNING * * *
You feel as though you will be slow longer.
The hornet stings you!
You die...

.............#
........######
##......#
######.# #.##
#.#.# #.##.#
#.#.#y##
#.##.#@# #.#
#.## #.###.###
#....#..#
##.....##
#######


You could see a hornet.

Vanquished Creatures
  Pikel (D:5)
  A hippogriff (D:7)
  A soldier ant (D:8)
  3 sky beasts
  An ice beast (D:7)
  An orc warrior (D:7)
  3 slaves (D:6)
  2 centaurs
  A big kobold (D:7)
  A gnoll sergeant (D:5)
  2 bullfrogs
  A scorpion (D:4)
  A crimson imp (D:5)
  4 hounds
  A jelly (D:5)
  A quasit (D:7)
  3 orc wizards
  A centaur skeleton (D:4)
  A gnoll shaman (D:3)
  2 iguanas
  6 worker ants
  A hound zombie (D:7)
  A hound skeleton (D:4)
  A worker ant zombie (D:7)
  18 gnolls
  6 adders
  A shadow imp (D:5)
  2 oozes
  2 adder zombies
  4 worms
  A dart slug (D:3)
  6 leopard geckos
  10 orcs
  12 bats
  4 giant cockroaches
  13 hobgoblins
  11 jackals
  17 kobolds
  A quokka (D:2)
  A ball python (D:2)
  4 frilled lizards
  14 goblins
  A quokka skeleton (D:5)
  A quokka zombie (D:5)
  4 rats
  A fungus (D:2)
175 creatures vanquished.

Notes
Turn   | Place    | Note
-------+----------+-------------------------------------------
     0 | D:1      | chequers the Demonspawn Gladiator began the quest for the
                  | Orb.
     0 | D:1      | Reached XP level 1. HP: 16/16 MP: 1/1
   123 | D:1      | Reached skill level 3 in Maces & Flails
   324 | D:1      | Gained mutation: You are slightly more attuned to the
                  | shadows. [demonic ancestry]
   324 | D:1      | Reached XP level 2. HP: 6/22 MP: 2/2
  1312 | D:1      | Reached skill level 4 in Maces & Flails
  1312 | D:1      | Reached XP level 3. HP: 17/27 MP: 3/3
  1826 | D:2      | Reached XP level 4. HP: 33/33 MP: 4/4
  2287 | D:2      | Reached skill level 5 in Maces & Flails
  2312 | D:1      | HP: 1/33 [poisoned by an adder]
  2612 | D:2      | Found an ancient bone altar of Kikubaaqudgha.
  2625 | D:2      | Found an ornate altar of the Wu Jian Council.
  2629 | D:2      | Became a worshipper of the Wu Jian Council
  2946 | D:2      | Gained mutation: You have sharp fingernails. [demonic
                  | ancestry]
  2946 | D:2      | Reached XP level 5. HP: 25/38 MP: 5/5
  3242 | D:2      | Found a deep blue altar of Sif Muna.
  3556 | D:2      | Found a runed translucent door.
  3557 | D:2      | Noticed Crazy Yiuf
  3676 | D:3      | Reached * piety under Wu Jian
  4001 | D:3      | Reached skill level 6 in Maces & Flails
  4009 | D:3      | Gained mutation: When hurt, damage is shared between your
                  | health and your magic reserves. [demonic ancestry]
  4009 | D:3      | Reached XP level 6. HP: 31/44 MP: 6/6
  5640 | D:4      | Reached skill level 7 in Maces & Flails
  5939 | D:4      | Found a stormy altar of Qazlal.
  5960 | D:4      | Found a sacrificial altar of Ru.
  6271 | D:4      | Gained mutation: You have large cloven feet. [demonic
                  | ancestry]
  6271 | D:4      | Reached XP level 7. HP: 45/50 MP: 7/7
  6845 | D:5      | Entered Level 5 of the Dungeon
  6922 | D:5      | Reached ** piety under Wu Jian
  7901 | D:5      | Reached skill level 8 in Maces & Flails
  8874 | D:6      | Noticed Pikel
  8924 | D:5      | Killed Pikel
  8924 | D:5      | Reached skill level 9 in Maces & Flails
  8924 | D:5      | Gained mutation: You are significantly more attuned to the
                  | shadows. [demonic ancestry]
  8924 | D:5      | Reached XP level 8. HP: 49/56 MP: 6/8
  9206 | D:6      | Reached skill level 10 in Maces & Flails
  9593 | D:6      | Found a white marble altar of Elyvilon.
 10296 | D:7      | Reached skill level 11 in Maces & Flails
 10296 | D:7      | Gained mutation: You regenerate magic rapidly. [demonic
                  | ancestry]
 10296 | D:7      | Reached XP level 9. HP: 49/61 MP: 5/9
 10392 | D:7      | Paralysed by an orc warrior for 4 turns
 10725 | D:7      | Found a staircase to the Ecumenical Temple.
 11329 | D:8      | Paralysed by a hornet for 1 turns
 11332 | D:8      | Slain by a hornet

Skill      XL: |  1  2  3  4  5  6  7  8 |
---------------+-------------------------+-----
Maces & Flails | 3 4 5 6 7 9 11 | 11.8
Fighting       | |  2.0
Throwing       | |  1.7
Dodging        | |  2.6

Action                   |  1- 3 |  4- 6 |  7- 9 || total
-------------------------+-------+-------+-------++-------
Melee: Flail             |   121 |   348 |   401 ||   870
       Kick              |       |       |   116 ||   116
Throw: Throwing net      |       |       |     2 ||     2
Invok: Lunge             |       |    29 |    35 ||    64
       Whirlwind         |       |     2 |    36 ||    38
 Abil: Wall Jump         |       |       |     1 ||     1
Evoke: Wand              |       |       |     9 ||     9
  Use: Scroll            |       |     4 |       ||     4
       Potion            |       |     6 |       ||     6
 Stab: Sleeping          |     4 |       |       ||     4
       Held in net/web   |       |       |     1 ||     1
       Paralysed         |       |       |     7 ||     7
  Eat: Chunk             |     3 |    14 |    16 ||    33
Armor: Leather armour    |    14 |       |       ||    14
       Chain mail        |    68 |   216 |   239 ||   523
Dodge: Dodged            |    80 |   167 |   172 ||   419
